 Dungeon Crawl Stone Soup version 0.18.1-50-g88ac8fd (webtiles) character file.

68 Gargoyl the Skirmisher (level 4, 30/36 HPs)
             Began as a Demonspawn Abyssal Knight on Sept 13, 2016.
             Was a Believer of Lugonu.
             Quit the game on level 2 of the Dungeon.
             The game lasted 00:02:47 (1085 turns).

Gargoyl the Skirmisher (Demonspawn Abyssal Knight)  Turns: 1085, Time: 00:02:48

Health: 30/36      AC:  6    Str: 11    XL:     4   Next: 1%
Magic:  6/6        EV: 10    Int: 13    God:    Lugonu [**....]
Gold:   174        SH:  0    Dex: 13    Spells: 0 memorised, 3 levels left

rFire  . . .     SeeInvis .     g - +2 trident (venom)
rCold  . . .     Gourm    .     i - +0 ring mail
rNeg   . . .     Faith    .     (no shield)
rPois  .         Spirit   +     (no helmet)
rElec  .         Dismiss  .     (no cloak)
rCorr  .         Reflect  .     f - +0 pair of gloves
SustAt .         Harm     .     (no boots)
MR     +....                    (no amulet)
Stlth  ++........               (no ring)
                                e - ring of protection from magic

@: somewhat resistant to hostile enchantments, unstealthy
A: nightstalker 1, weak 1, magic shield
a: Depart the Abyss, Bend Space, Renounce Religion


You were on level 2 of the Dungeon.
You worshipped Lugonu.
Lugonu was pleased with you.
You were not hungry.

You visited 1 branch of the dungeon, and saw 2 of its levels.
You visited the Abyss 1 time.

You collected 174 gold pieces.

Inventory:

Hand Weapons
 a - a +2 hand axe
 g - a +2 trident of venom (weapon)
Armour
 f - a +0 pair of gloves (worn)
 i - a +0 ring mail (worn)
Jewellery
 e - a ring of protection from magic (left hand)
Scrolls
 b - 2 scrolls of identify {unknown}
 h - a scroll of recharging {unknown}
Potions
 d - a potion of curing {unknown}
 k - a potion of lignification {unknown}
Comestibles
 c - 2 bread rations
 j - 3 chunks of flesh


   Skills:
 + Level 3.6 Fighting
 + Level 2.1 Axes
 + Level 0.3(1.3) Polearms
 * Level 2.3 Armour
 + Level 1.6 Dodging
 + Level 0.4 Stealth
 + Level 2.9 Invocations


You had 3 spell levels left.
You didn't know any spells.

Dungeon Overview and Level Annotations

Branches:
Dungeon (2/15)

Altars:


Innate Abilities, Weirdness & Mutations

You are slightly more attuned to the shadows.
When hurt, damage is shared between your health and your magic reserves.
[You are weak. (Str -2)]


Message History

a club; a hobgoblin corpse A giant gecko comes into view.
Found a metallic puce potion.
The helpless giant gecko fails to defend itself.
You hit the giant gecko.
You kill the giant gecko!
Lugonu accepts your kill.
k - a metallic puce potion A worm comes into view.
You puncture the worm!
The worm is poisoned.
The worm is heavily wounded.
The worm bites you.
You hit the worm.
The worm looks even sicker.
The worm is heavily wounded.
You kill the worm!
Lugonu accepts your kill.
You have reached level 4!
You feel agile.
Your demonic ancestry asserts itself...
You feel your magical essence form a protective shroud around your flesh.
Are you sure you want to abandon this character and quit the game? (Confirm with "yes".)

#. #.......).#
..........# ######..#
........######
#######.#.....
######.#.####
...........#
################.#.#.#
#.....@..........#.#.#
##.###############.#.#
# #.#.# #.#.# #.#.#
#.# #.## #... ####


There were no monsters in sight!

Vanquished Creatures
  3 gnolls (D:2)
  An ooze (D:1)
  A worm (D:2)
  2 giant geckos (D:2)
  A giant cockroach (D:1)
  3 goblins (D:1)
  A hobgoblin (D:2)
  2 kobolds
  A quokka (D:2)
  6 bats (D:1)
  2 giant newts (D:1)
  12 rats (D:1)
35 creatures vanquished.

Notes
Turn   | Place    | Note
--------------------------------------------------------------
     0 | Abyss:1  | Gargoyl the Demonspawn Abyssal Knight began the quest for the Orb.
     0 | Abyss:1  | Reached XP level 1. HP: 18/18 MP: 2/2
    17 | Abyss:2  | Found a corrupted altar of Lugonu.
    90 | Abyss:2  | Noticed a bone dragon
   105 | Abyss:2  | Noticed a wretched star
   109 | Abyss:2  | Noticed a freezing wraith
   111 | D:1      | Escaped the Abyss
   125 | D:1      | Reached skill level 1 in Dodging
   125 | D:1      | Reached * piety under Lugonu
   140 | D:1      | Gained mutation: You are slightly more attuned to the shadows. [demonic ancestry]
   140 | D:1      | Reached XP level 2. HP: 20/24 MP: 4/4
   935 | D:2      | Reached XP level 3. HP: 29/29 MP: 5/5
   989 | D:2      | Reached ** piety under Lugonu
  1084 | D:2      | Gained mutation: When hurt, damage is shared between your health and your magic reserves. [demonic ancestry]
  1084 | D:2      | Reached XP level 4. HP: 30/36 MP: 6/6
  1085 | D:2      | Quit the game

Skill      XL: |  1  2 |
---------------+-------+-----
Armour         | 2 |  2.3
Dodging        | 1 |  1.6
Axes           | 2 |  2.1
Fighting       | |  3.6
Polearms       | |  0.3
Stealth        | |  0.4
Invocations    | |  2.9

Action                   |  1- 3 |  4- 6 || total
-------------------------+-------+-------++-------
Melee: Hand axe          |    15 |       ||    15
       Trident           |    49 |       ||    49
Invok: Depart the Abyss  |     1 |       ||     1
  Use: Scroll            |     2 |       ||     2
 Stab: Sleeping          |     4 |       ||     4
  Eat: Chunk             |     1 |       ||     1
Armor: Leather armour    |     8 |       ||     8
       Ring mail         |    14 |       ||    14
Dodge: Dodged            |    41 |       ||    41
